 Dungeon Crawl Stone Soup version 0.31-a0-210-gccc998df9b (webtiles) character file.

Game seed: 14240929652395243894

25 qw the Shooter (level 3, -3/21 HPs)
             Began as a Gargoyle Hexslinger on June 29, 2023.
             Slain by Natasha (6 damage)
             ... on level 2 of the Dungeon.
             The game lasted 00:00:19 (841 turns).

qw the Shooter (Gargoyle Hexslinger)                 Turns: 841, Time: 00:00:19

Health: -3/21      AC:  7    Str: 11    XL:     3   Next: 6%
Magic:  4/4        EV: 12    Int: 13    God:
Gold:   37         SH:  0    Dex: 20    Spells: 3/4 levels left

rFire   . . .        Y - +1 sling
rCold   . . .        (no shield)
rNeg    + . .        c - +0 robe
rPois   inf          k - +0 helmet
rElec   +            (no cloak)
rCorr   .            e - +0 pair of gloves
SInv    .            (no boots)
Will    .....        (no amulet)
Stlth   ++           f - +6 ring of dexterity
HPRegen 0.23/turn    (no ring)
MPRegen 0.09/turn

%: no passive effects
@: slowed, very slow
A: sickness immunity, AC +3, negative energy resistance 1, electricity
resistance, torment resistance 1, petrification resistance
a: no special abilities


You were on level 2 of the Dungeon.
You visited 1 branch of the dungeon, and saw 2 of its levels.

You collected 37 gold pieces.


Innate Abilities, Weirdness & Mutations

You are immune to sickness and miasma.
Your stone body is resilient. (AC +3)
You are immune to poison.
You resist negative energy. (rN+)
You are resistant to electric shocks. (rElec)
You are resistant to unholy torment.
You are immune to petrification.


   Skills:
 - Level 2.0 Fighting
 + Level 3.0 Ranged Weapons
 - Level 1.5 Dodging
 - Level 1.0 Spellcasting
 - Level 2.6 Hexes


You had 3 spell levels left.
You knew the following spells:

 Your Spells              Type           Power      Damage    Failure   Level
a - Slow                  Hex            28%        N/A       10%         1

Your spell library contained the following spells:

 Spells                   Type           Power      Damage    Failure   Level
 Inner Flame              Hex/Fire       4%         N/A       43%         3
 Portal Projectile        Hex/Tloc       8%         N/A       43%         3
 Cause Fear               Hex            3%         N/A       67%         4

Inventory:

Hand Weapons
 Y - a +1 sling (weapon)
Armour
 c - a +0 robe (worn)
 e - a +0 pair of gloves (worn)
 k - a +0 helmet (worn)
Jewellery
 f - a +6 ring of dexterity (left hand)
Potions
 d - a potion of mutation {unknown}
 h - a potion of magic {unknown}

Dungeon Overview and Level Annotations

Branches:
Dungeon (2/15)

Altars:

Annotations:
D:2 Natasha


Message History

The sling bullet closely misses Natasha.
Natasha hisses angrily.
Natasha stares at you and mumbles some strange words.
The magic dart hits you.
You shoot a sling bullet.
The sling bullet closely misses Natasha.
Natasha growls.
You shoot a sling bullet. The sling bullet hits Natasha.
Natasha is lightly wounded.
You shoot a sling bullet.
The sling bullet hits Natasha but does no damage.
Natasha is lightly wounded.
Natasha closely misses you.
You shoot a sling bullet. The sling bullet hits Natasha.
Natasha is heavily wounded.
Natasha casts a spell at you.
You feel yourself slow down.
You shoot a sling bullet.
The sling bullet closely misses Natasha.
Natasha claws you. Natasha claws you but does no damage.
You shoot a sling bullet. The sling bullet barely misses Natasha.
Natasha hisses.
Natasha closely misses you. x2
You shoot a sling bullet. The sling bullet hits Natasha.
Natasha is severely wounded.
Natasha closely misses you. Natasha claws you.
You shoot a sling bullet.
The sling bullet closely misses Natasha.
Natasha casts a spell.
You shoot a sling bullet. The sling bullet barely misses Natasha.
Natasha misses you. The cerulean imp completely misses you. Natasha claws you.
The cerulean imp hits you from afar with a +2 spear.
You shoot a sling bullet.
The sling bullet closely misses Natasha.
Natasha misses you. The cerulean imp closely misses you. Natasha claws you.
The cerulean imp closely misses you.
You shoot a sling bullet.
The sling bullet closely misses Natasha.
Natasha claws you.
You die...

..######.# #... ..
#.# #..# #. #.#
#.#. #. ##.# #%#.
# #. #..########
#.#. ... #.
#.......... #...
....##.
#..######## #.##
#.....?##.........
..##
#$...%.@......####
#. #......h..#####
#. #....5#)###
##########.
#.....#..
........... #####
#.. #######.##.
.... #.##. #..#
#.##. #..#.# #.###
..#.# #######.###


You could see Natasha and a cerulean imp (summoned).

Vanquished Creatures
  A dart slug (D:1)
  2 endoplasms (D:2)
  A giant cockroach (D:1)
  3 goblins
  3 hobgoblins
  2 kobolds (D:1)
  A quokka (D:1)
  2 ball pythons
  2 bats
  3 frilled lizards (D:1)
  2 rats (D:2)
22 creatures vanquished.

Notes
Turn   | Place    | Note
-------+----------+-------------------------------------------
     0 | D:1      | qw the Gargoyle Hexslinger began the quest for the Orb.
     0 | D:1      | Reached XP level 1. HP: 12/12 MP: 2/2
     0 | D:1      | 0 ||| qw: Version: 0.3-a-24-ga2abf7b
     0 | D:1      | 0 ||| qw: Game counter: 6975
     0 | D:1      | 0 ||| qw: Melee chars always use a shield: true
     0 | D:1      | 0 ||| qw: God list: Okawaru
     0 | D:1      | 0 ||| qw: Allow faded altars: false
     0 | D:1      | 0 ||| qw: Do Orc after clearing Dungeon:15 true
     0 | D:1      | 0 ||| qw: Do second Lair branch before Depths: true
     0 | D:1      | 0 ||| qw: Lair rune preference: random
     0 | D:1      | 0 ||| qw: Goals: Normal
     0 | D:1      | 0 ||| PLANNING D:1-11
   194 | D:1      | Reached XP level 2. HP: 12/16 MP: 3/3
   279 | D:1      | Reached skill level 3 in Ranged Weapons
   686 | D:1      | 686 ||| UPGRADING to +0 pair of gloves.
   691 | D:1      | 691 ||| UPGRADING to +0 helmet.
   696 | D:1      | 696 ||| READING 2 scrolls labelled SARA SIOLO.
   697 | D:1      | 697 ||| READING scroll labelled YWESMONICLA.
   697 | D:1      | Identified a scroll of acquirement
   697 | D:1      | 697 ||| ACQUIRING +6 ring of dexterity
   697 | D:1      | Acquired a +6 ring of dexterity
   699 | D:1      | 699 ||| UPGRADING to +6 ring of dexterity.
   700 | D:1      | 700 ||| READING scroll labelled MAFASYREBB.
   701 | D:1      | 701 ||| READING scroll labelled ROEGRIN WALLI.
   705 | D:1      | 705 ||| DROPPING scroll of blinking.
   706 | D:1      | 706 ||| DROPPING scroll of poison.
   823 | D:2      | Reached XP level 3. HP: 21/21 MP: 4/4
   829 | D:2      | Noticed Natasha
   839 | D:2      | HP: 3/21 [cerulean imp/+2 spear[Natasha] (4)]
   841 | D:2      | Slain by Natasha

Levels and vault maps discovered:
D:1:      minmay_arrival_four_loops, layout_basic
D:2:      layout_loops_ring, minmay_statues_item, serial_park_tiny_pond,
          grunt_decor_arrowhead, minivault_5, uniq_natasha, uniq_robin

Skill      XL: |  1  2 |
---------------+-------+-----
Ranged Weapons | 3 |  3.0
Fighting       | 2 |  2.0
Dodging        | |  1.5
Spellcasting   | |  1.0
Hexes          | |  2.6

Action                     || total
---------------------------++-------
   Fire: Sling             ||    78
    Use: Scroll            ||     4
 Armour: Robe              ||     8
  Dodge: Dodged            ||    24

Table legend:
 A = Non-vault XP
 B = Vault XP
 C = Vault XP percentage of total XP
 D = Non-vault monster count
 E = Vault monster count
 F = Vault count percentage of total count
                 A         B        C        D         E       F
            +---------+---------+-------+---------+---------+-------
      Total |      37 |       0 |   0.0 |      22 |       0 |   0.0
            +---------+---------+-------+---------+---------+-------
        D:1 |      25 |       0 |   0.0 |      14 |       0 |   0.0
        D:2 |      12 |       0 |   0.0 |       8 |       0 |   0.0
            +---------+---------+-------+---------+---------+-------
